 Dungeon Crawl Stone Soup version 0.30-a0-218-gedb9141078 (webtiles) character file.

Game seed: 11499710219894257398

2758 BlueGoblin the Scholar of Death (level 9, -3/58 (59) HPs)
             Began as a Demonspawn Necromancer on Oct 5, 2022.
             Was a Follower of Kikubaaqudgha.
             Slain by an orc warrior
             ... wielding a +0 trident
              (10 damage)
             ... on level 6 of the Dungeon.
             The game lasted 00:15:39 (6760 turns).

BlueGoblin the Scholar of Death (DsNe)              Turns: 6760, Time: 00:15:40

HP:   -3/58 (59)    AC:  7    Str: 13    XL:     9   Next: 41%
MP:   10/21         EV: 12    Int: 17    God:    Kikubaaqudgha [*.....]
Gold: 450           SH:  4    Dex: 13    Spells: 16/24 levels left

rFire   + . .      SeeInvis .    a - staff of death
rCold   + . .      Faith    .    (no shield)
rNeg    + . .      Spirit   .    w - +2 leather armour {rPois}
rPois   +          Reflect  .    (no helmet)
rElec   .          Harm     .    v - +0 cloak
rCorr   .          Rampage  .    (no gloves)
Will    .....                    y - +0 pair of boots
Stlth   ++........               m - amulet of magic regeneration
HPRegen 0.29/turn                e - ring of protection from cold
MPRegen 0.57/turn                k - ring of protection from fire

@: lightly drained
A: hooves 2, spiny 2, condensation shield
a: Renounce Religion, Unearth Wretches


You were on level 6 of the Dungeon.
You worshipped Kikubaaqudgha.
Kikubaaqudgha was aware of your devotion.
You visited 2 branches of the dungeon, and saw 7 of its levels.
You also visited: Sewer.

You collected 450 gold pieces.

Inventory:

Hand Weapons
 b - a +1 spear
 x - a +0 quarterstaff
Armour
 f - a +1 robe
 v - a +0 cloak (worn)
 w - a +2 leather armour of poison resistance (worn)
 y - a +0 pair of boots (worn)
Magical Staves
 a - a staff of death (weapon)
Jewellery
 e - a ring of protection from cold (left hand)
 k - a ring of protection from fire (right hand)
 m - an amulet of magic regeneration (around neck)
 t - a +6 ring of dexterity
Wands
 o - a wand of flame (29)
 C - a wand of mindburst (13)
Scrolls
 d - 3 scrolls of blinking
 h - a scroll of magic mapping
 l - a scroll of teleportation
 q - a scroll of enchant weapon
 r - 6 scrolls of identify
 s - a scroll of amnesia {unknown}
 z - a scroll of fear
 G - a scroll of silence {unknown}
Potions
 c - 2 potions of attraction
 g - 5 potions of magic
 i - 4 potions of heal wounds {unknown}
 j - a potion of ambrosia {unknown}
 n - 3 potions of might {unknown}
 p - a potion of curing
 u - a potion of degeneration {unknown}
 A - a potion of mutation {unknown}
 B - a potion of lignification {unknown}
 D - a potion of berserk rage {unknown}
 E - a potion of invisibility {unknown}
 F - a potion of flight {unknown}


   Skills:
 + Level 1.4 Fighting
 + Level 2.7 Armour
 + Level 3.0 Dodging
 - Level 1.7 Stealth
 + Level 8.0 Spellcasting
 + Level 10.5 Necromancy


You had 16 spell levels left.
You knew the following spells:

 Your Spells              Type           Power      Damage    Failure   Level
a - Vampiric Draining     Necr           59%        2d10      1%          3
q - Necrotise             Necr           100%       1d9       1%          1
s - Animate Dead          Necr           59%        N/A       1%          4

Your spell library contained the following spells:

 Spells                   Type           Power      Damage    Failure   Level
 Dispel Undead            Necr           59%        3d21      1%          4
 Cigotuvi's Dreadful Rot  Necr/Pois/Air  56%        N/A       4%          2
 Agony                    Necr           59%        N/A       4%          5
 Anguish                  Hex/Necr       18%        N/A       16%         4
 Death Channel            Necr           29%        N/A       26%         6
 Petrify                  Tmut/Erth      6%         N/A       78%         4
 Metabolic Englaciation   Hex/Ice        3%         N/A       98%         5
 Statue Form              Tmut/Erth      4%         N/A       100%        6


Dungeon Overview and Level Annotations

Branches:
Dungeon (6/15)             Temple (1/1) D:5           Sewer (visited)

Altars:
Ashenzari
Cheibriados
Dithmenos
Fedhas
Kikubaaqudgha
Makhleb
Nemelex Xobeh
Okawaru
Qazlal
Ru
Sif Muna
Trog
Uskayaw
Vehumet
Wu Jian
Xom
Yredelemnul

Shops:
D:4 (

Annotations:
D:1 2 runed translucent doors


Innate Abilities, Weirdness & Mutations

You have hoof-like feet.
You are mostly covered in sharp spines.
A meltable shield of frost defends you. (SH +4)


Message History

* * * LOW HITPOINT WARNING * * *
You partially resist.
You feel drained.
* * * LOW HITPOINT WARNING * * *
Unknown command.
Casting: Vampiric Draining (safe; 1% risk of failure)
Confirm with . or Enter, or press ? or * to list all spells.
Aiming: Vampiric Draining (safe; 1% risk of failure)
Press: ? - help, Shift-Dir - straight line, f/p - Edmund
Aim: Edmund, wielding a +1 dire flail of draining and wearing a +0 scale mail (heavily wounded)
You feel a surge of power!
You draw life force from Edmund!
You feel life coursing into your body! The orc warrior misses you.
Edmund is struck by your spines.
Edmund hits you with a +1 dire flail of draining.
* * * LOW HITPOINT WARNING * * *
You partially resist.
You feel drained.
* * * LOW HITPOINT WARNING * * *
Unknown command.
Unknown command.
Casting: Vampiric Draining (safe; 1% risk of failure)
Confirm with . or Enter, or press ? or * to list all spells.
Aiming: Vampiric Draining (safe; 1% risk of failure)
Press: ? - help, Shift-Dir - straight line, f/p - Edmund
Aim: Edmund, wielding a +1 dire flail of draining and wearing a +0 scale mail (almost dead)
You feel a surge of power!
You draw life force from Edmund!
You kill Edmund!
Kikubaaqudgha accepts your kill.
You feel life coursing into your body.
The orc warrior hits you but does no damage.
Your Spellcasting skill increases to level 8!
Unknown command.
The orc wizard gestures wildly while chanting.
The orc wizard flickers and vanishes!
Deactivating autopickup; reactivate with Ctrl-A.
Unknown command.
Unknown command.
Something hits you.
* * * LOW HITPOINT WARNING * * *
The orc warrior hits you from afar with a +0 trident!
You die...
Kikubaaqudgha rasps: "You have failed me!
Welcome... death!"

...# #.##....# #.#
...# #.####..# #.#
...# #.@.....### #.#
...# ###o.o..<.# #.#
#o## #.##.##.#
######## #.# #.#####
#.##.##.###......###.#
......#
#.##..o.....####.Z...#
..##..# #.#####{#####
#######
#..#..####.#####@#
..#......#.......#
#..#.)##.#########
..##........#
.†(.ZZ##.##.# #.###o#
.... .ZZZ#@###.#.##
....#o..o@...#
....#####o.#.#


You could see an orc warrior.

Vanquished Creatures
  Pikel (D:4)
  Eustachio (D:6)
  Edmund (D:6)
  3 water moccasins
  An ice beast (D:6)
  A black bear (D:5)
  An orc warrior (D:5)
  An ogre (D:5)
  4 lemures (D:4)
  6 kobold brigands (Sewer)
  A bullfrog (D:6)
  A scorpion (D:6)
  3 hounds (D:4)
  2 jellies
  Crazy Yiuf (D:3)
  4 orc priests (D:5)
  Ijyb (D:3)
  3 orc wizards
  2 iguanas
  2 river rats (Sewer)
  8 adders
  3 white imps (D:5)
  5 worms
  26 orcs
  10 ball pythons
  10 endoplasms
  4 giant cockroaches
  7 goblins
  4 hobgoblins
  8 kobolds
  9 quokkas
  2 frilled lizards (D:3)
  6 rats
142 creatures vanquished.

Vanquished Creatures (collateral kills)
  An ogre (D:6)
  A scorpion (D:4)
  A shadow imp (D:5)
  A white imp (D:5)
  3 worms
7 creatures vanquished.

Vanquished Creatures (others)
  A water moccasin zombie (D:6)
  6 orc zombies
7 creatures vanquished.

Grand Total: 156 creatures vanquished

Notes
Turn   | Place    | Note
-------+----------+-------------------------------------------
     0 | D:1      | BlueGoblin the Demonspawn Necromancer began the quest for
                  | the Orb.
     0 | D:1      | Reached XP level 1. HP: 13/13 MP: 3/3
    63 | D:1      | Found a large runed translucent door.
    63 | D:1      | Found a large runed translucent door.
   149 | D:1      | Found a faded altar of an unknown god.
   343 | D:1      | Gained mutation: You have large cloven feet. [demonic
                  | ancestry]
   343 | D:1      | Reached XP level 2. HP: 19/19 MP: 0/5
   971 | D:2      | Found Ytresa's Magic Scroll Emporium.
   992 | D:2      | Reached skill level 5 in Necromancy
  1126 | D:2      | Identified a scroll of acquirement
  1126 | D:2      | Acquired a staff of death
  1780 | D:2      | Gained mutation: You have hoof-like feet. [demonic
                  | ancestry]
  1780 | D:2      | Reached XP level 3. HP: 12/24 MP: 2/6
  2025 | D:3      | Learned a level 3 spell: Vampiric Draining
  2032 | D:3      | Noticed Ijyb
  2038 | D:3      | Killed Ijyb
  2067 | D:3      | Reached XP level 4. HP: 28/30 MP: 4/8
  2144 | D:3      | Found a glowing drain.
  2181 | Sewer    | Entered a sewer
  2258 | Sewer    | Noticed a kobold brigand
  2293 | Sewer    | Killed a kobold brigand
  2294 | Sewer    | Reached skill level 6 in Necromancy
  2294 | Sewer    | Gained mutation: You are partially covered in sharp spines.
                  | [demonic ancestry]
  2294 | Sewer    | Reached XP level 5. HP: 24/35 MP: 6/10
  2487 | Sewer    | Gained mutation: A meltable shield of frost defends you.
                  | (SH +4) [demonic ancestry]
  2487 | Sewer    | Reached XP level 6. HP: 41/41 MP: 10/12
  2799 | Sewer    | Reached skill level 7 in Necromancy
  2937 | Sewer    | Reached skill level 5 in Spellcasting
  2937 | Sewer    | Reached XP level 7. HP: 27/46 MP: 8/14
  3231 | D:3      | Learned a level 4 spell: Animate Dead
  3338 | D:3      | Found a runed translucent door.
  3339 | D:3      | Noticed Crazy Yiuf
  3491 | D:3      | Found an ancient bone altar of Kikubaaqudgha.
  3497 | D:3      | Found a broken altar of Ashenzari.
  3508 | D:3      | Found a snail-covered altar of Cheibriados.
  3513 | D:3      | Found a shimmering blue altar of Sif Muna.
  3523 | D:3      | Found a burning altar of Makhleb.
  3657 | D:3      | Killed Crazy Yiuf
  3748 | D:3      | Became a worshipper of Kikubaaqudgha
  3833 | D:4      | Found Tuipim's Weapon Shop.
  4388 | D:4      | Reached skill level 8 in Necromancy
  4400 | D:4      | Noticed Pikel
  4765 | D:4      | Killed Pikel
  4766 | D:4      | Reached XP level 8. HP: 32/53 MP: 10/17
  4938 | D:4      | Reached * piety under Kikubaaqudgha
  4938 | D:4      | Received a gift from Kikubaaqudgha
  4957 | D:5      | Entered Level 5 of the Dungeon
  5167 | D:5      | Found a stormy altar of Qazlal.
  5172 | D:5      | Reached skill level 1 in Fighting
  5418 | D:5      | Reached skill level 9 in Necromancy
  5836 | D:5      | Found a staircase to the Ecumenical Temple.
  5879 | D:5      | Gained mutation: You are mostly covered in sharp spines.
                  | [demonic ancestry]
  5879 | D:5      | Reached XP level 9. HP: 46/59 MP: 16/19
  6128 | Temple   | Entered the Ecumenical Temple
  6484 | D:6      | Noticed Eustachio
  6493 | D:6      | Killed Eustachio
  6494 | D:6      | Reached skill level 10 in Necromancy
  6701 | D:6      | Noticed Edmund
  6758 | D:6      | Killed Edmund
  6760 | D:6      | Slain by an orc warrior

Illustrated notes

Levels and vault maps discovered:
D:1:      erik_arrival_cave_to_civilisation [erik_arrival_cave_to_temple],
          layout_basic, ebering_ecumenical_altar_ruins, corner_web_ring,
          hangedman_decor_growths
D:2:      layout_loops_corners, serial_shops, shop
D:3:      layout_rooms, grunt_temple_overflow_octagram, gup_sewer_entry_glass,
          uniq_crazy_yiuf_cottage, uniq_ijyb
D:4:      layout_loops_ring, serial_shops, shop_coins, uniq_pikel
D:5:      layout_cave_pools, lemuel_temple_firewalk_a, serial_column_ruins,
          column_ruins_hut, column_ruins_open_small, column_ruins_open_small,
          column_ruins_grid_4, column_ruins_columns_corner, kennysheep_diamond
D:6:      layout_loops_cross, uniq_edmund, uniq_eustachio
Temple:   nicolae_temple_ecumenical_triangle

Skill      XL: |  1  2  3  4  5  6  7  8  9 |
---------------+----------------------------+-----
Necromancy     | 5 6 7 8 9 10 | 10.5
Dodging        | 2 3 |  3.0
Spellcasting   | 3 4 5 6 7 8 |  8.0
Armour         | 2 |  2.7
Fighting       | 1 |  1.4
Stealth        | |  1.7

Action                   |  1- 3 |  4- 6 |  7- 9 || total
-------------------------+-------+-------+-------++-------
Melee: Spear             |    11 |       |    52 ||    63
       Staff             |    14 |     5 |    56 ||    75
       Kick              |     2 |     1 |     1 ||     4
       Punch             |       |       |     3 ||     3
 Cast: Necrotise         |    56 |    93 |   106 ||   255
       Vampiric Draining |       |     2 |    32 ||    34
       Animate Dead      |       |       |     4 ||     4
  Use: Scroll            |     7 |     4 |     1 ||    12
       Potion            |     2 |       |     2 ||     4
 Stab: Sleeping          |     1 |       |     1 ||     2
       Distracted        |       |       |     1 ||     1
Armor: Robe              |     4 |     4 |     3 ||    11
       Leather armour    |       |       |    45 ||    45
Dodge: Dodged            |    25 |    21 |    87 ||   133
Block: Other             |       |     1 |    33 ||    34

Table legend: (Time is in decaauts)
 A = Elapsed time spent in this place.
 B = Non-inter-level travel time spent in this place.
 C = Inter-level travel time spent in this place.
 D = Time resting spent in this place.
 E = Time spent auto-exploring this place.
 F = Levels seen in this place.
 G = Mean time per level.
                   A        B        C        D        E       F      G
               +--------+--------+--------+--------+--------+-----+--------+
         Total |   6908 |   6216 |    692 |    227 |   4659 |   8 |  863.5 |
       Dungeon |   5793 |   5118 |    675 |    227 |   3801 |   6 |  965.5 |
        Temple |     43 |     26 |     17 |      0 |     18 |   1 |   43.0 |
         Sewer |   1071 |   1071 |      0 |      0 |    840 |   1 | 1071.0 |
               +--------+--------+--------+--------+--------+-----+--------+

Top non-repeatable levels by time:
     D:4: 1399 daAuts
   Sewer: 1071 daAuts
     D:2: 1056 daAuts
     D:3: 993 daAuts
     D:5: 930 daAuts
     D:1: 892 daAuts
     D:6: 520 daAuts
  Temple: 43 daAuts
